AoeStats
← La Entrepierna de Exodia

Arena

507370530Analyzed
4v4 RM · 15d ago on Sep 17, 2026· 20m 14s· 8 players
Game mode
Random Map
Map size
Large (8 player)
Population
200
Speed
Normal
Resources
Standard
Victory
Conquest
Starting age
Dark Age
Ending age
Imperial Age
RankedLock teamsTeams togetherTeam positionsShared explorationLock speedFull tech treeHidden civsTurbo modeCheats
Victory
Defeat
🇮🇹 Malay · Italy
1396
+9
🇮🇹 Khmer · Italy
1247
+14
🇮🇹 Slavs · Italy
1141
+19
🇮🇹 Italians · Italy
1140
+18
🇦🇷 Teutons · Argentina
1226
-16
🇺🇸 Turks · United States
1217
-15
1207
-15
🇲🇦 Franks · Morocco
1181
-14
Sun Tzu
11:17 Feudal Age
9:37 Loom
11:22 Feudal Age
18:00 Castle Age
16:22 Horse Collar
16:48 Double-Bit Axe
La Entrepierna de Exodia
6:47 Loom
9:50 Feudal Age
11:14 Double-Bit Axe
16:36 Fletching
DeepBlue_
11:08 Feudal Age
12:27 Wheelbarrow
16:12 Castle Age
14:16 Double-Bit Axe
17:24 Bow Saw
17:06 Stone Mining
18:56 Hand Cart
Haniek!!
6:31 Loom
9:23 Feudal Age
11:06 Fletching
17:31 Double-Bit Axe
ITA | tonypolik
7:01 Loom
9:17 Feudal Age
8:18 Loom
9:01 Double-Bit Axe
11:59 Horse Collar
21:22 Castle Age
19:47 Gold Mining
Chiara
11:57 Feudal Age
15:02 Castle Age
13:45 Double-Bit Axe
15:33 Loom
16:43 Gold Mining
17:07 Bow Saw
18:46 Scale Barding Armor
18:53 Forging
Avocado2.0
10:33 Feudal Age
12:41 Loom
15:12 Castle Age
13:37 Fletching
Rocketduck
10:24 Feudal Age
14:18 Castle Age
12:36 Double-Bit Axe
12:39 Horse Collar
Connection lost

Rejoining the realm…

Still unreachable

The connection could not be restored.

Session expired

The server has moved on; the page needs a fresh start.